 Dungeon Crawl Stone Soup version 0.23.2-40-g277498a001 (webtiles) character file.

Game seed: 16777941716507301818

7807 dives the Cleaver (level 11, -6/94 HPs)
             Began as a Minotaur Fighter on Sept 18, 2019.
             Mangled by a nine-headed hydra (11 damage)
             ... on level 1 of the Lair of Beasts.
             The game lasted 01:22:59 (7673 turns).

dives the Cleaver (Minotaur Fighter)                Turns: 7673, Time: 01:23:01

Health: -6/94      AC: 16    Str: 28    XL:     11   Next: 1%
Magic:  10/10      EV:  8    Int: 10    God:
Gold:   454        SH:  8    Dex: 10    Spells: 10/10 levels left

rFire    + . .     SeeInvis .   W - +2 war axe (chop)
rCold    . . .     Gourm    .   j - +3 buckler of Past Mistakes {rPois rF+ rN+}
rNeg     + . .     Faith    .   B - +0 plate armour
rPois    +         Spirit   .   (helmet restricted)
rElec    .         Reflect  .   h - +0 cloak
rCorr    .         Harm     .   (no gloves)
MR       .....                  M - +0 pair of boots
Stlth    ..........             (no amulet)
HPRegen  0.25/turn              p - +5 ring of intelligence (curse)
MPRegen  0.12/turn              Z - +4 ring of strength (curse)

@: no status effects
A: retaliatory headbutt, horns 2, mutation resistance 1, MP-powered wands
a: no special abilities


You were on level 1 of the Lair of Beasts.
You were not hungry.

You visited 3 branches of the dungeon, and saw 11 of its levels.

You collected 454 gold pieces.

Inventory:

Hand Weapons
 g - a +3 dire flail of draining
 u - a +2 dagger of holy wrath
 A - a +8 club
 P - a +4 battleaxe
 W - a +2 war axe of chopping (weapon)
 Y - a +3 dagger
Missiles
 e - 95 bolts
 k - 274 stones (quivered)
 o - 226 arrows
 w - 37 sling bullets
 X - 42 poisoned needles
Armour
 h - a +0 cloak (worn)
 j - the +3 buckler of Past Mistakes (worn) {rPois rF+ rN+}
   (You found it on level 4 of the Dungeon)

   It protects you from fire.
   It protects you from poison.
   It protects you from negative energy.
 B - a +0 plate armour (worn)
 M - a +0 pair of boots (worn)
 Q - a +2 robe of fire resistance
 S - a +0 ring mail of cold resistance
Jewellery
 a - an uncursed ring of positive energy {unknown}
 p - a cursed +5 ring of intelligence (left hand)
 v - an uncursed ring of see invisible
 D - a +3 ring of strength
 K - an uncursed ring of resist corrosion
 Z - a cursed +4 ring of strength (right hand)
Wands
 b - a wand of polymorph (10)
 r - a wand of digging (14)
 y - a wand of disintegration (21)
 R - a wand of random effects (23)
Scrolls
 c - 3 scrolls of amnesia {unknown}
 l - a scroll of noise {unknown}
 q - 8 scrolls of identify {unknown}
 s - a scroll of fog {unknown}
 t - 6 scrolls of remove curse {unknown}
 C - 7 scrolls of teleportation {unknown}
 E - a scroll of immolation {unknown}
 F - a scroll of fear {unknown}
 H - a scroll of blinking {unknown}
 J - a scroll of summoning {unknown}
 L - 5 scrolls of magic mapping {unknown}
 N - a scroll of vulnerability {unknown}
 T - a scroll of enchant armour {unknown}
 V - 2 scrolls of enchant weapon {unknown}
Potions
 d - a potion of might
 i - 3 potions of degeneration {unknown}
 m - 3 potions of brilliance
 n - a potion of lignification
 z - 2 potions of berserk rage {unknown}
 G - 4 potions of flight
 I - 2 potions of mutation
 O - 3 potions of curing
Comestibles
 f - 7 rations


   Skills:
 - Level 8.0 Fighting
   Level 5.0 Long Blades
 * Level 10.4(12.1) Axes
 - Level 10.3(12.0) Maces & Flails
 + Level 8.3 Armour
 + Level 2.1 Dodging
 + Level 0.7 Stealth
 + Level 8.6 Shields


You had 10 spell levels left.
You didn't know any spells.
Your spell library was empty.

Dungeon Overview and Level Annotations

Branches:
Dungeon (9/15)             Temple (1/1) D:7            Lair (1/6) D:9
    Orc: D:9-12

Altars:
Ashenzari
Cheibriados
Dithmenos
Elyvilon
Kikubaaqudgha
Makhleb
Nemelex Xobeh
Okawaru
Qazlal
Ru
Sif Muna
Trog
Uskayaw
Vehumet
Xom
Yredelemnul
Zin
The Shining One

Shops:
D:4 *   D:5 (


Innate Abilities, Weirdness & Mutations

You reflexively headbutt those who attack you in melee.
You have a pair of horns on your head.
You are somewhat resistant to further mutation.
You expend magic power (3 MP) to strengthen your wands.


Message History

You block the eight-headed hydra's attack. x2
The eight-headed hydra bites you.
* * * LOW HITPOINT WARNING * * *
The eight-headed hydra bites you!
* * * LOW HITPOINT WARNING * * *
The eight-headed hydra bites you but does no damage. x2
You slice the plant!!
The plant is heavily damaged.
You hack one of the eight-headed hydra's heads off!
The seven-headed hydra grows two more!
You slash the nine-headed hydra! The nine-headed hydra bites you!
* * * LOW HITPOINT WARNING * * *
The nine-headed hydra bites you but does no damage.
The nine-headed hydra completely misses you.
You block the nine-headed hydra's attack.
The nine-headed hydra bites you.
* * * LOW HITPOINT WARNING * * *
The nine-headed hydra bites you but does no damage. x3
The nine-headed hydra bites you!
You die...

..##.#P..## ..###.....#
..P#......## ...........##
............###
..........#...###
....)...####....## .
.......#####.....#### ..
........##..≈≈≈D@...####.##
..###...#.≈≈≈≈≈≈.P.........
.## ###..≈≈≈≈≈≈≈.#.[.......
.# ..≈≈≈≈≈≈.....P...... #.
..≈≈≈≈≈....†........ #
..≈≈≈≈≈.<...........
#.≈≈≈≈≈≈............
#.≈≈≈≈≈≈≈...........
##.≈≈≈≈≈............


You could see a nine-headed hydra.

Vanquished Creatures
  3 death yaks (D:9)
  A black mamba (Lair:1)
  A spiny frog (Lair:1)
  A hippogriff (D:8)
  A wyvern (D:8)
  8 yaks (D:9)
  The ghost of Jabberih the Chopper, an amateur DsGl (D:4)
  Edmund (D:6)
  A porcupine (Lair:1)
  A phantom (D:4)
  An ice beast (D:5)
  2 sky beasts
  3 orc warriors
  4 ogres
  A necrophage (D:8)
  3 centaurs
  4 crocodiles
  3 bullfrogs
  A wyvern skeleton (D:7)
  2 scorpions
  2 howler monkeys
  2 electric eels
  3 vampire bats (D:7)
  4 wights (D:7)
  A bullfrog zombie (D:9)
  5 crimson imps
  2 centaur zombies
  A jelly (D:5)
  A centaur skeleton (D:5)
  3 orc priests
  3 hounds
  2 bullfrog skeletons
  2 worker ants
  Ijyb (D:5)
  2 iguanas
  5 orc wizards
  4 gnolls (D:8)
  A howler monkey skeleton (D:5)
  15 adders
  A shadow imp (D:8)
  An ooze (D:3)
  2 adder skeletons
  6 worms
  2 dart slugs
  3 leopard geckos
  35 orcs
  7 bats
  3 bat skeletons (D:7)
  2 bat zombies (D:7)
  8 giant cockroaches
  4 hobgoblins
  2 jackals (D:3)
  3 quokkas
  3 ball pythons
  2 frilled lizards
  4 goblins
  A jackal skeleton (D:5)
  5 kobolds
  2 leopard gecko skeletons
  A leopard gecko zombie (D:5)
  A quokka skeleton (D:5)
  6 rats
206 creatures vanquished.

Notes
Turn   | Place    | Note
-------+----------+-------------------------------------------
     0 | D:1      | dives the Minotaur Fighter began the quest for the Orb.
     0 | D:1      | Reached XP level 1. HP: 19/19 MP: 0/0
   430 | D:1      | Reached XP level 2. HP: 27/27 MP: 1/1
   957 | D:2      | Reached XP level 3. HP: 22/33 MP: 2/2
  1311 | D:2      | Reached XP level 4. HP: 36/40 MP: 3/3
  1334 | D:2      | Reached skill level 5 in Armour
  1853 | D:3      | Found an iron altar of Okawaru.
  2434 | D:4      | Found Olonif's Assorted Antiques.
  2455 | D:4      | Reached XP level 5. HP: 42/46 MP: 4/4
  2507 | D:4      | Reached skill level 1 in Dodging
  2559 | D:4      | Found a runed translucent door.
  2562 | D:4      | Noticed Jabberih's ghost (amateur DsGl)
  2613 | D:4      | Got a translucent buckler
  2630 | D:4      | Identified the +3 buckler of Past Mistakes {rPois rF+ rN+}
                  | (You found it on level 4 of the Dungeon)
  2830 | D:4      | Noticed a phantom
  2835 | D:4      | Reached skill level 1 in Maces & Flails
  2847 | D:4      | Killed a phantom
  2847 | D:4      | Reached XP level 6. HP: 44/52 MP: 5/5
  3026 | D:4      | Killed Jabberih's ghost
  3026 | D:4      | Reached skill level 5 in Shields
  3066 | D:5      | Entered Level 5 of the Dungeon
  3144 | D:5      | Found Qytroaro's Antique Weapon Shop.
  3218 | D:5      | Reached XP level 7. HP: 60/60 MP: 6/6
  3279 | D:5      | Reached skill level 5 in Long Blades
  3330 | D:5      | Noticed Ijyb
  3340 | D:5      | Killed Ijyb
  3399 | D:5      | Reached skill level 5 in Maces & Flails
  3461 | D:5      | Reached skill level 5 in Fighting
  3532 | D:5      | Reached XP level 8. HP: 68/68 MP: 7/7
  3574 | D:5      | Found a glowing golden altar of the Shining One.
  4165 | D:6      | Noticed Edmund
  4183 | D:6      | Killed Edmund
  4982 | D:7      | Found a staircase to the Ecumenical Temple.
  5137 | D:7      | Reached XP level 9. HP: 68/75 MP: 8/8
  5530 | D:7      | Found an ancient bone altar of Kikubaaqudgha.
  5701 | Temple   | Entered the Ecumenical Temple
  6228 | D:8      | Reached skill level 10 in Maces & Flails
  6755 | D:9      | Reached skill level 1 in Axes
  6785 | D:9      | Noticed a death yak
  6785 | D:9      | Noticed a death yak
  6798 | D:9      | Noticed a death yak
  6866 | D:9      | Killed a death yak
  6866 | D:9      | Reached XP level 10. HP: 13/88 MP: 9/9
  6879 | D:9      | Gained mutation: You are somewhat resistant to further
                  | mutation. [potion of mutation]
  6879 | D:9      | Gained mutation: You expend magic power (3 MP) to
                  | strengthen your wands. [potion of mutation]
  6881 | D:9      | Killed a death yak
  6881 | D:9      | Reached skill level 5 in Axes
  6969 | D:9      | Found a staircase to the Lair.
  7127 | D:9      | Found a bloodstained altar of Trog.
  7484 | D:9      | Killed a death yak
  7593 | Lair:1   | Entered Level 1 of the Lair of Beasts
  7629 | Lair:1   | Reached skill level 10 in Axes
  7641 | Lair:1   | Noticed a black mamba
  7642 | Lair:1   | Noticed a spiny frog
  7647 | Lair:1   | Noticed a six-headed hydra
  7663 | Lair:1   | Killed a black mamba
  7666 | Lair:1   | Killed a spiny frog
  7666 | Lair:1   | Reached XP level 11. HP: 32/94 MP: 10/10
  7673 | Lair:1   | Mangled by a nine-headed hydra

Skill      XL: |  1  2  3  4  5  6  7  8  9 10 |
---------------+-------------------------------+-----
Armour         | 4 5 6 7 8 |  8.3
Fighting       | 4 5 6 8 |  8.0
Shields        | 4 5 6 7 8 |  8.6
Long Blades    | 3 4 5 |  5.0
Dodging        | 1 2 |  2.1
Maces & Flails | 1 2 5 9 10 | 10.3
Axes           | 3 10 | 10.4
Stealth        | |  0.7

Action                   |  1- 3 |  4- 6 |  7- 9 | 10-12 || total
-------------------------+-------+-------+-------+-------++-------
Melee: Long sword        |    76 |    72 |       |       ||   148
       Headbutt          |    12 |    39 |    75 |    25 ||   151
       Mace              |       |   107 |    26 |       ||   133
       Club              |       |       |   263 |       ||   263
       War axe           |       |       |    31 |   110 ||   141
  Use: Potion            |       |       |     1 |    13 ||    14
  Eat: Ration            |       |     2 |     3 |     1 ||     6
       Chunk             |       |       |     2 |     2 ||     4
Armor: Scale mail        |    45 |    50 |       |       ||    95
       Plate armour      |       |    48 |   131 |    44 ||   223
       Skin              |       |       |       |    11 ||    11
Dodge: Dodged            |    37 |    74 |    81 |    30 ||   222
Block: Shield            |    41 |    65 |       |       ||   106
       Buckler           |       |    37 |   133 |    34 ||   204
       Rpst.: Long sword |     8 |     5 |       |       ||    13
